 Dungeon Crawl Stone Soup version 0.22-a0-897-g1b7a381375 (webtiles) character file.

1498 Htamos the Slasher (level 8, -6/63 HPs)
             Began as a Demonspawn Gladiator on July 31, 2018.
             Was an Initiate of Ru.
             Mangled by Harold
             ... wielding a +0 mace
              (9 damage)
             ... on level 7 of the Dungeon.
             The game lasted 00:18:43 (8420 turns).

Htamos the Slasher (Demonspawn Gladiator)           Turns: 8420, Time: 00:18:44

Health: -6/63      AC: 10    Str: 16    XL:     8   Next: 52%
Magic:  8/8        EV: 14    Int: 10    God:    Ru [......]
Gold:   142        SH:  5    Dex: 15    Spells: 7/7 levels left

rFire    . . .     SeeInvis +   a - +0 long sword
rCold    . . .     Gourm    .   l - +0 buckler
rNeg     . . .     Faith    .   s - +0 scale mail
rPois    .         Spirit   .   c - +0 helmet
rElec    .         Reflect  +   E - +0 cloak
rCorr    .         Harm     .   (no gloves)
MR       +....                  k - +0 pair of boots
Stlth    ..........             g - +2 amulet of reflection
HPRegen  0.20/turn              A - ring of protection from magic
MPRegen  0.11/turn              u - ring of see invisible

@: marked
A: repulsion field 2
a: Sacrifice Stealth, Sacrifice Artifice, Sacrifice Words, Reject Sacrifices,
Renounce Religion


You were on level 7 of the Dungeon.
You worshipped Ru.
Ru was noncommittal.
You were near starving.

You visited 2 branches of the dungeon, and saw 8 of its levels.

You collected 338 gold pieces.
You spent 196 gold pieces at shops.

Inventory:

Hand Weapons
 a - a +0 long sword (weapon)
 e - a +1 vampiric whip
 i - a +0 rapier of draining
 D - a +0 rapier of speed
Missiles
 d - 3 throwing nets (quivered)
Armour
 b - a +0 leather armour
 c - a +0 helmet (worn)
 k - a +0 pair of boots (worn)
 l - a +0 buckler (worn)
 m - a +0 ring mail
 n - a +0 plate armour
 p - a +0 chain mail
 s - a +0 scale mail (worn)
 E - a +0 cloak (worn)
Jewellery
 g - a +2 amulet of reflection (around neck)
 q - an uncursed ring of protection from magic
 u - a ring of see invisible (right hand)
 y - an uncursed ring of magical power
 A - a ring of protection from magic (left hand)
 C - an uncursed ring of positive energy
Wands
 z - a wand of flame (9)
Scrolls
 h - 8 scrolls of remove curse
 r - a scroll of random uselessness
 t - 3 scrolls of amnesia
 v - 2 scrolls of fog
 F - a scroll of magic mapping
Potions
 j - 3 potions of brilliance
 x - a potion of mutation
Comestibles
 f - 8 rations


   Skills:
 + Level 5.4 Fighting
 + Level 6.3 Long Blades
 - Level 2.0 Throwing
 + Level 4.0 Armour
 + Level 5.3 Dodging


You had 7 spell levels left.
You didn't know any spells.
Your spell library contained the following spells:

 Spells                   Type           Power        Failure   Level  Hunger
 Confuse                  Hex            #.......     100%        3    ####...
 Confusing Touch          Hex            #.....       91%         1    ##.....
 Metabolic Englaciation   Hex/Ice        #.........   100%        5    ######.
 Petrify                  Tmut/Erth      #.......     100%        4    #####..
 Gell's Gravitas          Tloc           #.........   100%        3    ####...
 Yara's Violent Unravell  Hex/Tmut       #.........   100%        5    ######.


Dungeon Overview and Level Annotations

Branches:
Dungeon (7/15)             Temple (1/1) D:4

Altars:
Ashenzari
Cheibriados
Dithmenos
Elyvilon
Fedhas
Gozag
Kikubaaqudgha
Makhleb
Nemelex Xobeh
Okawaru
Ru
Sif Muna
Trog
Uskayaw
Vehumet
Wu Jian
Xom
Yredelemnul
Zin
The Shining One

Shops:
D:5 (   D:6 =

Annotations:
D:5 2 runed doors, shruggingcutely's ghost, novice MfSk
D:7 Harold


Innate Abilities, Weirdness & Mutations

You are surrounded by a moderate repulsion field. (EV +3)


Message History

* * * LOW HITPOINT WARNING * * *
The ogre closely misses you. The bullfrog zombie closely misses you.
You riposte.
You hit the bullfrog zombie.
The bullfrog zombie is lightly damaged.
Harold hits you with a mace!
* * * LOW HITPOINT WARNING * * *
The sky beast flickers out of sight for a moment.
The sky beast closely misses you.
You hit Harold but do no damage.
Harold is moderately wounded.
The bullfrog zombie hits you but does no damage.
The ogre completely misses you.
You riposte.
You barely miss the ogre. The sky beast hits you.
* * * LOW HITPOINT WARNING * * *
The sky beast shocks you.
* * * LOW HITPOINT WARNING * * *
The bullfrog zombie hits you.
* * * LOW HITPOINT WARNING * * *
Harold hits you with a mace!
You die...

# #.
.####.#####
......Y@..#
#..@#.##
##OZ.......
#.#..####.
##.#..# #...<.#
.....#......#
.###...........
##.##.#..#.# #.
.#..# #


You could see Harold, a sky beast (invisible), an ogre and a bullfrog zombie.

Vanquished Creatures
  Edmund (D:6)
  An orc warrior (D:5)
  2 ogres (D:4)
  A sky beast (D:6)
  A centaur (D:6)
  2 bullfrogs (D:6)
  3 hounds
  4 orc priests
  A bullfrog skeleton (D:6)
  4 orc wizards
  6 worker ants
  Robin (D:3)
  8 adders
  An ooze (D:2)
  2 adder skeletons (D:4)
  3 worms
  A dart slug (D:2)
  4 leopard geckos
  14 orcs
  5 giant cockroaches
  17 goblins
  4 hobgoblins
  6 jackals
  5 quokkas
  3 bats
  6 frilled lizards
  A giant cockroach zombie (D:5)
  8 kobolds
  A leopard gecko zombie (D:5)
  A quokka skeleton (D:4)
  A quokka zombie (D:6)
  3 rats
121 creatures vanquished.

Vanquished Creatures (others)
  Eustachio (D:6)
1 creature vanquished.

Grand Total: 122 creatures vanquished

Notes
Turn   | Place    | Note
-------+----------+-------------------------------------------
     0 | D:1      | Htamos the Demonspawn Gladiator began the quest for the Orb.
     0 | D:1      | Reached XP level 1. HP: 16/16 MP: 1/1
   577 | D:1      | Gained mutation: You are surrounded by a mild repulsion field. (EV +2) [demonic ancestry]
   577 | D:1      | Reached XP level 2. HP: 22/22 MP: 2/2
   631 | D:2      | Reached skill level 3 in Long Blades
  1180 | D:2      | Reached XP level 3. HP: 16/28 MP: 3/3
  1628 | D:2      | Reached XP level 4. HP: 34/34 MP: 4/4
  2169 | D:3      | Noticed Robin
  2182 | D:3      | Killed Robin
  2477 | D:3      | Reached skill level 4 in Long Blades
  2950 | D:4      | Gained mutation: You are surrounded by a moderate repulsion field. (EV +3) [demonic ancestry]
  2950 | D:4      | Reached XP level 5. HP: 25/41 MP: 5/5
  2967 | D:4      | Reached skill level 1 in Armour
  3524 | D:4      | Noticed an ogre
  3533 | D:4      | Killed an ogre
  3533 | D:4      | Reached XP level 6. HP: 20/47 MP: 6/6
  3990 | D:4      | Found a staircase to the Ecumenical Temple.
  4264 | Temple   | Entered the Ecumenical Temple
  4502 | Temple   | Became a worshipper of Ru the Awakened
  4539 | D:5      | Entered Level 5 of the Dungeon
  4578 | D:4      | Reached skill level 5 in Long Blades
  4948 | D:5      | Reached XP level 7. HP: 49/53 MP: 7/7
  5131 | D:5      | Found a runed door.
  5144 | D:5      | Noticed shruggingcutely's ghost (novice MfSk)
  5272 | D:5      | Found Odeseig's Weapon Emporium.
  5279 | D:5      | Bought a +0 rapier of speed for 196 gold pieces
  5310 | D:5      | Found a runed door.
  5469 | D:5      | Found a deep blue altar of Sif Muna.
  5805 | D:5      | Found a shimmering altar of Xom.
  6016 | D:6      | Found Syih's Jewellery Shoppe.
  6064 | D:6      | Noticed Edmund
  6097 | D:6      | Killed Edmund
  6938 | D:6      | Reached XP level 8. HP: 48/61 MP: 8/8
  7329 | D:5      | Reached skill level 6 in Long Blades
  7329 | D:5      | Reached skill level 5 in Dodging
  7594 | D:6      | Found a snail-covered altar of Cheibriados.
  7603 | D:6      | Reached skill level 5 in Fighting
  7860 | D:6      | Noticed Eustachio
  7906 | D:6      | Killed Eustachio
  8398 | D:7      | Noticed Harold
  8420 | D:7      | HP: 3/63 [bullfrog zombie (2)]
  8420 | D:7      | Mangled by Harold

Vault maps used:
D:1:      co_arrival_random_square_maze
D:3:      uniq_robin
D:4:      minmay_temple_entry_grid, first_ration, minmay_misc_feat_five
D:5:      tgw_sif, ebering_ghost_sewer_f, serial_shops,
          nicolae_shop_competitors_out_of_business, brannock_xom_greatest_gift
D:6:      cheibriados_altar_1, serial_shops, shop, uniq_edmund, uniq_eustachio
D:7:      overflow_temple_1_default, biasface_ghost_orc_armoury, uniq_harold
Temple:   eino_narrow_crystal_temple

Skill      XL: |  1  2  3  4  5  6  7  8 |
---------------+-------------------------+-----
Long Blades    | 3 4 5 6 |  6.3
Throwing       | 2 |  2.0
Dodging        | 3 4 5 |  5.3
Fighting       | 3 4 5 |  5.4
Armour         | 1 2 3 4 |  4.0

Action                   |  1- 3 |  4- 6 |  7- 9 || total
-------------------------+-------+-------+-------++-------
Melee: Long sword        |   115 |   184 |   101 ||   400
       Rapier            |       |    75 |   181 ||   256
Evoke: Wand              |       |       |    11 ||    11
  Use: Potion            |     1 |     3 |     6 ||    10
       Scroll            |       |     3 |    12 ||    15
  Eat: Chunk             |     2 |     9 |     5 ||    16
       Ration            |       |     1 |     1 ||     2
Armor: Leather armour    |    17 |       |       ||    17
       Skin              |    14 |    16 |    33 ||    63
       Ring mail         |    21 |     2 |       ||    23
       Scale mail        |       |    81 |    86 ||   167
Dodge: Dodged            |    70 |   147 |   182 ||   399
Block: Buckler           |    13 |    37 |    81 ||   131
       Reflection        |       |       |     2 ||     2
       Rpst.: Long sword |    21 |    31 |    30 ||    82

Table legend:
 A = Spawn XP
 B = Non-spawn XP
 C = Spawn XP percentage of total XP
 D = Spawn monster count
 E = Non-spawn monster count
 F = Spawn count percentage of total count
 G = Total turns spent on level
                    A         B        C        D         E        F      G
               +---------+---------+-------+---------+---------+-------+---------
         Total |       0 |    2141 |   0.0 |       0 |     122 |   0.0 |  8420
               +---------+---------+-------+---------+---------+-------+---------
           D:1 |       0 |      13 |   0.0 |       0 |       9 |   0.0 |   614
           D:2 |       0 |     106 |   0.0 |       0 |      27 |   0.0 |  1236
           D:3 |       0 |      57 |   0.0 |       0 |      24 |   0.0 |   912
           D:4 |       0 |     501 |   0.0 |       0 |      27 |   0.0 |  1824
           D:5 |       0 |     459 |   0.0 |       0 |      20 |   0.0 |  2116
           D:6 |       0 |    1005 |   0.0 |       0 |      15 |   0.0 |  1442
               +---------+---------+-------+---------+---------+-------+---------
